 Dungeon Sprint DCSS version 0.32-a0-422-g28b100f618 (webtiles) character file.

Game seed: 3585007189344810494

3128 adelrune the Bludgeoner (level 9, -1/81 HPs)
             Began as a Coglin Berserker on Feb 21, 2024.
             Was an Elder of Trog.
             Slain by a catoblepas (10 damage)
             ... while petrified by a catoblepas
             ... in the Dungeon (Sprint IX: "|||||||||||||||||||||||||||||").
             The game lasted 00:03:29 (596 turns).

adelrune the Bludgeoner (Coglin Berserker)           Turns: 596, Time: 00:03:30

Health: -1/81      AC: 12    Str: 25    XL:     9   Next: 92%
Magic:  9/9        EV:  2    Int:  6    God:    Trog [****..]
Gold:   25         SH:  0    Dex: 17    Spells: 8/8 levels left

rFire   . . .        m - +2 morningstar (protect) {Gunther}
rCold   . . .        j - +0 flail {Kenji}
rNeg    + + +        n - +1 chain mail
rPois   ∞            (no helmet)
rElec   .            (no cloak)
rCorr   .            (no gloves)
SInv    .            q - +0 pair of boots
Will    .....        (no amulet) Stlth
                     o - +3 ring of dexterity
HPRegen 0.33/turn    p - +3 ring of strength
MPRegen 0.11/turn

%: no teleportation
@: petrified, on berserk cooldown, slowed
A: off-hand wielding, slow wielding, warmup strikes, legs shutdown
a: Renounce Religion, Berserk, Trog's Hand, Brothers in Arms


You were in the Dungeon.
You worshipped Trog.
Trog was greatly pleased with you.
You visited 1 branch You collected 25 gold pieces.

Inventory:

Hand Weapons
 a - a +0 mace {Wilhemina}
 i - a +1 vampiric dagger
 j - a +0 flail (offhand) {Kenji}
 m - a +2 morningstar of protection (weapon) {Gunther}
Armour
 b - a +0 animal skin
 n - a +1 chain mail (worn)
 q - a +0 pair of boots (worn)
Jewellery
 o - a +3 ring of dexterity (left grasper)
 p - a +3 ring of strength (right grasper)
Wands
 l - a wand of iceblast (10)
Scrolls
 h - 3 scrolls of blinking
 r - a scroll of silence
 s - 2 scrolls of fear
 t - 2 scrolls of enchant weapon
 u - a scroll of identify
Potions
 c - 7 potions of curing
 d - 4 potions of heal wounds
 e - a potion of haste
 f - 4 potions of magic
 g - 3 potions of berserk rage
 k - a potion of invisibility


   Skills:
 + Level 11.6 Fighting
 * Level 16.3 Maces & Flails
 + Level 5.8 Armour
 + Level 5.2 Dodging


You had 8 spell levels left.
You didn't know any spells.
Your spell library was empty.

Dungeon Overview and Level Annotations

Branches:
Dungeon (1/1)

Altars:
Cheibriados
Dithmenos
Elyvilon
Fedhas
Gozag
Hepliaklqana
Kikubaaqudgha
Makhleb
Nemelex Xobeh
Okawaru
Qazlal
Ru
Sif Muna
Trog
Uskayaw
Vehumet
Wu Jian
Xom
Yredelemnul
Zin
The Shining One
Beogh
Jiyva
Lugonu


Innate Abilities, Weirdness & Mutations

You can wield a second weapon in your off-hand.
It takes a long time for you to wield or remove held weapons.
Your first few attacks do less damage.
Attacking and casting redirects power from your legs.


Message History

You are engulfed in calcifying dust.
The cane toad croaks.
The catoblepas gores you!!
You are engulfed in calcifying dust.
The wolf pauses to sniff the ground.
The catoblepas gores you but does no damage.
You are engulfed in calcifying dust.
The catoblepas gores you!!
* * * LOW HITPOINT WARNING * * *
The catoblepas breathes a plume of calcifying dust at you.
The blast of calcifying dust hits you but does no damage.
You turn to flesh and can move again.
Unknown command.
You hit the catoblepas but do no damage.
Your weapon exudes an aura of protection.
The catoblepas is lightly wounded.
You sock the catoblepas with your +0 flail!
You are engulfed in calcifying dust.
You are slowing down.
You hit the catoblepas with your +2 morningstar of protection.
The catoblepas is moderately wounded.
You sock the catoblepas with your +0 flail!
You are engulfed in calcifying dust.
Your limbs have turned to stone.
The catoblepas gores you!
* * * LOW HITPOINT WARNING * * *
You have turned to stone.
You are engulfed in calcifying dust.
You are no longer unable to travel.
The catoblepas gores you!
* * * LOW HITPOINT WARNING * * *
You are engulfed in calcifying dust.
The catoblepas breathes a plume of calcifying dust at you.
The blast of calcifying dust hits you.
* * * LOW HITPOINT WARNING * * *
You are engulfed in calcifying dust.
You are no longer berserk.
You feel yourself slow down. The catoblepas gores you.
The catoblepas smashes its foot into the ground.
The catoblepas gores you but does no damage.
The catoblepas gores you!!
You die...

▓▓▓▓▓▓▓▓▓▓▓▓▓▓▓▓▓▓▓▓▓▓▓▓▓▓▓▓▓▓▓▓▓
<...'†....).....'________________
▓▓▓▓▓▓▓▓▓▓▓▓▓▓▓▓▓▓▓▓▓▓▓▓▓▓▓▓▓▓▓▓▓
.................................
.▓▓▓▓▓▓▓▓▓▓▓▓▓▓▓▓▓▓▓▓▓▓▓▓▓▓▓▓▓▓▓▓
.......'...§§.§.@YhkhFSF.k..
▓▓▓▓▓▓▓▓▓▓▓▓▓▓▓▓▓▓▓▓▓▓▓▓▓▓▓▓


You could see a catoblepas, a lindwurm, a cane toad, a water moccasin, 2 wolves
and a bullfrog.

Vanquished Creatures
  A komodo dragon (D)
  A wraith (D)
  A yak (D)
  A vampire mosquito (D)
  An ogre (D)
  3 howler monkeys (D)
  An orc wizard (D)
  An adder (D)
  A gnoll (D)
  3 ball pythons (D)
  A bat (D)
  A goblin (D)
16 creatures vanquished.

Vanquished Creatures (collateral kills)
  A black mamba (D)
  A gargoyle (D)
  A komodo dragon (D)
  A yaktaur (shapeshifter) (D)
  2 trolls (D)
  A hornet (shapeshifter) (D)
  Grum (D)
  A laughing skull (D)
  3 wolves (D)
12 creatures vanquished.

Grand Total: 28 creatures vanquished

Notes
Turn   | Place    | Note
-------+----------+-------------------------------------------
     0 | D        | adelrune the Coglin Berserker began the quest for the Orb.
     0 | D        | Reached XP level 1. HP: 18/18 MP: 1/1
     6 | D        | Reached skill level 3 in Maces & Flails
     9 | D        | Reached ** piety under Trog
    12 | D        | Reached XP level 2. HP: 18/24 MP: 2/2
    54 | D        | Noticed an ogre
    54 | D        | Noticed a howler monkey
    59 | D        | Killed an ogre
    60 | D        | Reached skill level 5 in Fighting
    60 | D        | Reached skill level 6 in Maces & Flails
    60 | D        | Reached XP level 3. HP: 30/33 MP: 3/3
    60 | D        | Reached XP level 4. HP: 36/39 MP: 4/4
    61 | D        | Reached *** piety under Trog
    62 | D        | Reached skill level 7 in Maces & Flails
    62 | D        | Reached XP level 5. HP: 43/46 MP: 5/5
    75 | D        | Reached skill level 8 in Maces & Flails
   183 | D        | Found a roughly hewn altar of Beogh.
   183 | D        | Found a snail-covered altar of Cheibriados.
   183 | D        | Found a shadowy altar of Dithmenos.
   183 | D        | Found a white marble altar of Elyvilon.
   183 | D        | Found a blossoming altar of Fedhas.
   183 | D        | Found an opulent altar of Gozag.
   184 | D        | Found a hazy altar of Hepliaklqana.
   185 | D        | Found a viscous altar of Jiyva.
   186 | D        | Found an ancient bone altar of Kikubaaqudgha.
   187 | D        | Found a corrupted altar of Lugonu.
   188 | D        | Found a burning altar of Makhleb.
   189 | D        | Found a sparkling altar of Nemelex Xobeh.
   190 | D        | Found an iron altar of Okawaru.
   191 | D        | Found a stormy altar of Qazlal.
   192 | D        | Found a sacrificial altar of Ru.
   193 | D        | Found a shimmering blue altar of Sif Muna.
   194 | D        | Found a bloodstained altar of Trog.
   195 | D        | Found a hide-covered altar of Uskayaw.
   196 | D        | Found a radiant altar of Vehumet.
   197 | D        | Found an ornate altar of the Wu Jian Council.
   198 | D        | Found a shimmering altar of Xom.
   199 | D        | Found a basalt altar of Yredelemnul.
   200 | D        | Found a glowing silver altar of Zin.
   201 | D        | Found a glowing golden altar of the Shining One.
   265 | D        | Noticed a komodo dragon
   265 | D        | Noticed a vampire mosquito
   265 | D        | Noticed a wraith
   265 | D        | Noticed a yak
   272 | D        | Killed a komodo dragon
   272 | D        | Reached **** piety under Trog
   273 | D        | Reached skill level 10 in Maces & Flails
   273 | D        | Reached XP level 6. HP: 25/56 MP: 6/6
   275 | D        | Reached XP level 7. HP: 30/62 MP: 7/7
   279 | D        | Killed a vampire mosquito
   280 | D        | Reached skill level 11 in Maces & Flails
   290 | D        | Killed a wraith
   290 | D        | Reached ***** piety under Trog
   291 | D        | Reached skill level 12 in Maces & Flails
   292 | D        | Killed a yak
   293 | D        | Reached XP level 8. HP: 61/71 MP: 8/8
   316 | D        | Noticed a troll
   316 | D        | Noticed a meliai
   316 | D        | Noticed a gargoyle
   316 | D        | Noticed a troll
   316 | D        | Noticed a polar bear
   316 | D        | a meliai changed into a yaktaur
   316 | D        | Noticed a yaktaur (shapeshifter)
   316 | D        | a polar bear changed into a hornet
   316 | D        | Noticed a hornet (shapeshifter)
   319 | D        | Killed a troll
   320 | D        | Reached skill level 13 in Maces & Flails
   321 | D        | Killed a yaktaur
   322 | D        | Reached skill level 10 in Fighting
   328 | D        | Killed a gargoyle
   329 | D        | Reached skill level 14 in Maces & Flails
   329 | D        | Reached XP level 9. HP: 79/79 MP: 9/9
   330 | D        | Killed a troll
   331 | D        | Reached skill level 5 in Armour
   332 | D        | Paralysed by a hornet for 3 turns
   335 | D        | Killed a hornet
   336 | D        | Reached skill level 5 in Dodging
   337 | D        | Reached skill level 15 in Maces & Flails
   358 | D        | Noticed Grum
   362 | D        | Killed Grum
   558 | D        | Noticed a komodo dragon
   558 | D        | Noticed a black mamba
   558 | D        | Noticed a catoblepas
   563 | D        | Killed a komodo dragon
   564 | D        | Reached skill level 16 in Maces & Flails
   566 | D        | Noticed a lindwurm
   566 | D        | Killed a black mamba
   585 | D        | Noticed a cane toad
   596 | D        | Slain by a catoblepas

Illustrated notes

Levels and vault maps discovered:
D:        linesprint [early_d, line_temple, items_1, d_10, items_2, lair_1,
          lair_end, items_3, orc_1, orc_end, items_4, d_15, swamp_1, shoals_1,
          snake_1, spider_1, d_20, vaults_1, items_5, swamp_end, shoals_end,
          snake_end, spider_end, vaults_end, d_27, items_6, zot_1, zot_end,
          crypt_end, forest_end, elf_end, slime_end, tomb_end, abyss_end,
          pan_hell_end]

Skill      XL: |  1  2  3  4  5  6  7  8  9 |
---------------+----------------------------+-----
Maces & Flails | 3 6 7 10 12 14 16 | 16.3
Dodging        | 2 3 4 5 |  5.2
Armour         | 2 3 4 5 |  5.8
Fighting       | 5 8 9 10 11 | 11.6

Action                     |  1- 3 |  4- 6 |  7- 9 || total
---------------------------+-------+-------+-------++-------
  Melee: Mace              |    14 |    14 |       ||    28
         Morningstar       |       |     6 |    15 ||    21
         Flail             |       |     5 |    15 ||    20
 Invoke: Berserk           |     1 |     1 |     1 ||     3
         Trog's Hand       |       |     1 |       ||     1
         Brothers in Arms  |       |       |     4 ||     4
    Use: Potion            |       |       |     1 ||     1
 Armour: Animal skin       |     7 |     5 |       ||    12
         Chain mail        |       |     4 |    39 ||    43
  Dodge: Dodged            |    10 |     2 |     8 ||    20

Table legend: (Time is in decaauts)
 A = Elapsed time spent in this place.
 B = Non-inter-level travel time spent in this place.
 C = Inter-level travel time spent in this place.
 D = Time resting spent in this place.
 E = Time spent auto-exploring this place.
 F = Levels seen in this place.
 G = Mean time per level.
                   A        B        C        D        E       F      G
               +--------+--------+--------+--------+--------+-----+--------+
         Total |    608 |    608 |      0 |    240 |     89 |   1 |  608.0 |
       Dungeon |    608 |    608 |      0 |    240 |     89 |   1 |  608.0 |
               +--------+--------+--------+--------+--------+-----+--------+

Top non-repeatable levels by time:
       D: 608 daAuts
